 Dungeon Crawl Stone Soup version 0.20.1-1-g8b1a95d (webtiles) character file.

268 lysyklops the Firebug (level 6, -8/42 HPs)
             Began as a Human Fire Elementalist on Nov 5, 2017.
             Was an Initiate of Okawaru.
             Killed from afar by Lucio's ghost (13 damage)
             ... with a blast of sand
             ... on level 3 of the Dungeon.
             The game lasted 00:49:10 (5693 turns).

lysyklops the Firebug (Human Fire Elementalist)     Turns: 5693, Time: 00:49:10

Health: -8/42      AC:  3    Str:  8    XL:     6   Next: 46%
Magic:  10/11      EV: 13    Int: 22    God:    Okawaru [......]
Gold:   162        SH:  0    Dex: 14    Spells: 0/11 levels left

rFire    . . .     SeeInvis .   E - +0 rapier
rCold    . . .     Gourm    .   (no shield)
rNeg     . . .     Faith    .   V - +0 robe
rPois    .         Spirit   .   (no helmet)
rElec    .         Reflect  .   U - +0 cloak
rCorr    .         Harm     .   (no gloves)
MR       .....                  (no boots)
Stlth    ++........             (no amulet)
Regen    0.2/turn               I - ring of wizardry
MPRegen  0.2/turn               (no ring)

@: brilliant
A: no striking features
a: Renounce Religion


You were on level 3 of the Dungeon.
You worshipped Okawaru.
Okawaru was noncommittal.
You were not hungry.

You visited 1 branch of the dungeon, and saw 3 of its levels.

You collected 162 gold pieces.

Inventory:

Hand Weapons
 c - a +0 dagger
 e - a +0 club
 g - a +0 dagger of venom
 i - a +0 club
 k - a +0 short sword
 m - a +0 dagger
 o - a +0 hand axe
 r - a +0 dagger
 s - a +0 club
 u - a +0 short sword
 z - a +0 short sword
 A - a +0 whip
 C - a +0 halberd
 D - a +0 spear
 E - a +0 rapier (weapon)
 F - a +0 spear
 G - a +0 club
 H - a +0 hunting sling
 K - a +0 short sword
 O - a +0 dagger
 Q - a +0 club
 R - a +0 dagger
 T - a +0 dagger
Missiles
 l - 8 tomahawks (quivered)
 n - 9 javelins
 x - 131 stones
 N - 16 arrows
Armour
 a - a +0 robe
 t - a +0 ring mail
 M - a +0 robe
 U - a +0 cloak (worn)
 V - a +0 robe (worn)
 X - a +0 leather armour
 Y - a +0 robe
Jewellery
 I - a ring of wizardry (left hand)
Scrolls
 q - 3 scrolls of remove curse
 w - a scroll of fear {unknown}
 y - 2 scrolls of immolation
 B - a scroll of teleportation {unknown}
 P - a scroll of magic mapping {unknown}
 S - a scroll of enchant armour {unknown}
Potions
 h - a potion of resistance
 p - 2 potions of flight
Books
 b - a book of Flames

   Spells                             Type                      Level
   a - Flame Tongue                   Conjuration/Fire             1
   b - Throw Flame                    Conjuration/Fire             2
   c - Conjure Flame                  Conjuration/Fire             3
   d - Inner Flame                    Hexes/Fire                   3
   e - Sticky Flame                   Conjuration/Fire             4
   f - Fireball                       Conjuration/Fire             5
Comestibles
 d - 2 meat rations
 f - a chunk of flesh


   Skills:
 + Level 0.8 Fighting
 + Level 1.2 Short Blades
 + Level 0.4 Maces & Flails
 + Level 2.4 Dodging
 + Level 2.6 Stealth
 + Level 3.3 Spellcasting
 + Level 2.6 Conjurations
 + Level 4.3 Fire Magic


You couldn't memorise any spells.
You knew the following spells:

 Your Spells              Type           Power        Failure   Level  Hunger
a - Flame Tongue          Conj/Fire      ####.        1%          1    None
b - Throw Flame           Conj/Fire      ####..       1%          2    ##.....
c - Conjure Flame         Conj/Fire      ####....     1%          3    ###....
d - Fireball              Conj/Fire      ####......   9%          5    ######.


Dungeon Overview and Level Annotations

Branches:
Dungeon (3/15)

Altars:
Okawaru

Annotations:
D:3 Lucio's ghost, amateur GrEE


Message History

Okay, then.
Casting: Flame Tongue
Confirm with . or Enter, or press ? or * to list all spells.
Aiming: Flame Tongue
Press: ? - help, Shift-Dir - straight line, f/p - Lucio's ghost
Aim: Lucio's ghost (moderately damaged, inner flame)
The flame tongue misses Lucio's ghost.
Lucio's ghost's inner flame fades away.
Lucio's ghost casts a spell at you. The blast of sand misses you.
Casting: Flame Tongue
Confirm with . or Enter, or press ? or * to list all spells.
Aiming: Flame Tongue
Press: ? - help, Shift-Dir - straight line, f/p - Lucio's ghost
Aim: Lucio's ghost (lightly damaged)
The flame tongue hits Lucio's ghost.
Lucio's ghost appears unharmed.
Lucio's ghost is lightly damaged.
Lucio's ghost gestures at you while chanting.
The blast of sand hits you!
You die...

#.#####.###..# #.#
#.........#..# #.#
#######.#....########.#
#.....<.........#
###....##########
##.#..### #.......#
#.W...#.# #.##@##.#
#.##.##.# #.......#
####.#### ### #.#
##.########.############
#..W.....##.#...........
##.#####.##.#.#########.
#.# #.......#


You could see Lucio's ghost.

Vanquished Creatures
  A killer bee (D:2)
  4 gnolls (D:2)
  7 adders
  2 oozes (D:2)
  6 worms
  2 dart slugs (D:1)
  3 leopard geckos
  11 bats
  A giant cockroach (D:1)
  9 goblins
  11 hobgoblins
  14 jackals
  2 quokkas (D:2)
  4 frilled lizards
  11 kobolds
  5 rats
93 creatures vanquished.

Notes
Turn   | Place    | Note
-------+----------+-------------------------------------------
     0 | D:1      | lysyklops the Human Fire Elementalist began the quest for the Orb.
     0 | D:1      | Reached XP level 1. HP: 13/13 MP: 3/3
   141 | D:1      | Reached XP level 2. HP: 14/19 MP: 0/5
   226 | D:1      | Learned a level 2 spell: Throw Flame
  1056 | D:1      | Reached XP level 3. HP: 24/24 MP: 3/6
  1498 | D:1      | Learned a level 3 spell: Conjure Flame
  2598 | D:1      | Reached XP level 4. HP: 30/30 MP: 3/7
  3117 | D:2      | Reached skill level 4 in Fire Magic
  3273 | D:2      | Reached XP level 5. HP: 35/35 MP: 2/9
  3594 | D:2      | Found an iron altar of Okawaru.
  3604 | D:2      | Became a worshipper of Warmaster Okawaru
  4039 | D:2      | Reached XP level 6. HP: 40/42 MP: 0/10
  4446 | D:2      | Learned a level 5 spell: Fireball
  4955 | D:3      | Reached skill level 1 in Short Blades
  5263 | D:3      | Noticed Lucio's ghost (amateur GrEE)
  5665 | D:3      | HP: 1/42 [Lucio's ghost (7)]
  5693 | D:3      | Killed from afar by Lucio's ghost

Skill      XL: |  1  2  3  4  5  6 |
---------------+-------------------+-----
Fire Magic     | 4 |  4.3
Conjurations   | 2 |  2.6
Spellcasting   | 3 |  3.3
Short Blades   | 1 |  1.2
Fighting       | |  0.8
Maces & Flails | |  0.4
Dodging        | |  2.4
Stealth        | |  2.6

Action                   |  1- 3 |  4- 6 || total
-------------------------+-------+-------++-------
Melee: Unarmed           |    11 |       ||    11
       Club              |    35 |       ||    35
       Dagger            |       |     7 ||     7
       Rapier            |       |    76 ||    76
 Cast: Flame Tongue      |    39 |    51 ||    90
       Throw Flame       |    25 |    62 ||    87
  Use: Scroll            |       |     6 ||     6
       Potion            |       |     5 ||     5
 Stab: Sleeping          |       |     1 ||     1
  Eat: Bread ration      |     1 |     1 ||     2
       Chunk             |     3 |     6 ||     9
       Fruit             |     1 |     1 ||     2
       Meat ration       |       |     1 ||     1
Armor: Robe              |     6 |    11 ||    17
Dodge: Dodged            |    44 |    79 ||   123
